 Dungeon Crawl Stone Soup version 0.19-a0-1772-g09c4438 (webtiles) character file.

96445 Gelly3 the Martial Artist (level 16, -8/87 HPs)
             Began as a Vine Stalker Monk on Oct 4, 2016.
             Was the Champion of Wudzu.
             Mangled by a tentacled starspawn (16 damage)
             ... on level 14 of the Dungeon.
             The game lasted 02:09:43 (24549 turns).

Gelly3 the Martial Artist (Vine Stalker Monk)      Turns: 24549, Time: 02:09:43

Health: -8/87      AC: 23    Str: 20    XL:     16   Next: 16%
Magic:  0/36       EV: 26    Int: 10    God:    Wudzu [******]
Gold:   2262       SH:  0    Dex: 23    Spells: 7 memorised, 10 levels left

rFire  . . .     SeeInvis .       - Unarmed
rCold  . . .     Gourm    .     (armour unavailable)
rNeg   . . .     Faith    .     (no shield)
rPois  .         Spirit   +     (helmet unavailable)
rElec  .         Dismiss  .     C - +0 cloak of the Elven Halls {+Fly rCorr Stlth+}
rCorr  +         Reflect  .     E - +1 pair of gloves {Str+3}
MR     ++...     Harm     .     (boots unavailable)
Stlth  ++++++.... Clarity  +    X - amulet of rage {+Rage, !d}
                                j - +5 ring of evasion
                                Q - ring of magical power {MP+9}

@: lethally poisoned (-8 -> -9)
A: fangs 3, thin skeletal structure 1, berserk 1, blurry vision 1, mutation
resistance 1, regeneration 2, magic shield, antimagic bite, no device heal 3,
rot immunity
a: Summon Vines, Briar Patch, Renounce Religion, Evoke Berserk Rage, Evoke
Flight


You were on level 14 of the Dungeon.
You worshipped Wudzu.
Wudzu was exalted by your worship.
You were not hungry.

You visited 4 branches of the dungeon, and saw 23 of its levels.
You visited the Abyss 1 time.
You also visited: Bailey and Volcano.

You collected 2762 gold pieces.
You spent 500 gold pieces at shops.

Inventory:

Hand Weapons
 c - a +0 blowgun
   (You took it off Sonja on level 2 of the Lair of Beasts)
Missiles
 a - 3 curare-tipped needles
 M - 9 throwing nets {=f, !d}
Armour
 C - the +0 cloak of the Elven Halls (worn) {+Fly rCorr Stlth+}
   (You bought it in a shop on level 2 of the Orcish Mines)

   It lets you fly.
   It protects you from acid and corrosion.
   It makes you more stealthy.
 E - a +1 pair of gloves of strength (worn)
   (You found it in a bailey)
Jewellery
 j - a +5 ring of evasion (right hand)
   (You took it off a kobold demonologist on level 13 of the Dungeon)
 I - an uncursed ring of see invisible {sInv, !d}
   (You found it on level 9 of the Dungeon)
 P - a +3 ring of dexterity
   (You found it on level 1 of the Lair of Beasts)
 Q - a ring of magical power (left hand) {MP+9}
   (You found it on level 1 of the Lair of Beasts)
 S - an uncursed ring of protection from fire {rF+, !d}
   (You found it on level 4 of the Lair of Beasts)
 X - an amulet of rage (around neck) {+Rage, !d}
   (You found it on level 6 of the Lair of Beasts)
Wands
 h - a wand of iceblast (5/15)
   (You found it on level 3 of the Abyss)
 l - a wand of acid (9/15)
   (You found it on level 6 of the Dungeon)
 v - a wand of digging (14/24)
   (You took it off a gnoll on level 5 of the Dungeon)
 B - a wand of disintegration (10/24)
   (You found it on level 3 of the Abyss)
 L - a wand of iceblast (1/15)
   (You found it on level 4 of the Lair of Beasts)
 Y - a wand of lightning (7/15)
   (You found it on level 6 of the Lair of Beasts)
Scrolls
 d - 9 scrolls of amnesia
 f - 2 scrolls of remove curse
 i - 15 scrolls of teleportation
 o - 4 scrolls of enchant weapon
 p - 2 scrolls of immolation {!r}
 r - a scroll of magic mapping {unknown}
 t - 4 scrolls of enchant armour
 u - 2 scrolls of fog
 x - 3 scrolls of recharging
 y - a scroll of summoning
 N - 2 scrolls of blinking {!r}
 T - 4 scrolls of fear
Potions
 e - a potion of magic {unknown}
 k - a potion of haste
 m - a potion of beneficial mutation {unknown}
 n - 5 potions of curing
 q - 4 potions of might
 s - 3 potions of lignification {!q}
 w - a potion of resistance
 F - a potion of flight
 K - a potion of invisibility
 R - a potion of ambrosia {unknown}
 V - a potion of cancellation
 W - a potion of berserk rage {unknown}
 Z - a potion of agility
Miscellaneous
 G - a phial of floods
   (You found it on level 10 of the Dungeon)
 O - a crystal ball of energy
   (You found it on level 6 of the Lair of Beasts)
Comestibles
 b - 13 bread rations
 g - 6 meat rations
 z - 2 chunks of flesh
 A - 4 slices of pizza
 D - a royal jelly
 J - 8 beef jerkies


   Skills:
 - Level 11.2 Fighting
 - Level 10.0 Dodging
 + Level 7.4 Stealth
 - Level 12.2 Unarmed Combat
 - Level 7.1 Spellcasting
 - Level 12.1 Hexes
 - Level 6.0 Charms
 - Level 6.0 Necromancy
 - Level 11.0 Transmutations


You had 10 spell levels left.
You knew the following spells:

 Your Spells              Type           Power        Failure   Level  Hunger
a - Beastly Appendage     Tmut           ####..       1%          1    None
b - Confusing Touch       Hex            ####..       1%          1    None
c - Spider Form           Tmut/Pois      ##........   8%          3    ###....
d - Confuse               Hex            ####....     1%          3    ###....
e - Dazzling Spray        Conj/Hex       ###...       6%          3    ###....
f - Yara's Violent Unrav  Hex/Tmut       ####......   6%          5    ######.
r - Regeneration          Chrm/Necr      ###.......   6%          3    ###....


Dungeon Overview and Level Annotations

Branches:
Dungeon (14/15)            Temple (1/1) D:7            Lair (6/6) D:10
  Swamp (0/4) Lair:3       Spider (0/4) Lair:3        Slime (0/5) Lair:6
    Orc (2/2) D:10            Elf (0/3) Orc:2        Vaults (0/5) D:13

Altars:
Ashenzari
Cheibriados
Dithmenos
Elyvilon
Fedhas
Gozag
Hepliaklqana
Kikubaaqudgha
Makhleb
Nemelex Xobeh
Okawaru
Qazlal
Ru
Sif Muna
Trog
Uskayaw
Vehumet Wudzu
Xom
Yredelemnul
Zin
The Shining One
Beogh
Jiyva
Lugonu

Shops:
D:7 (*   D:11 ?   Orc:2 ([*%(


Innate Abilities, Weirdness & Mutations

You have razor-sharp teeth.
You heal very quickly.
When hurt, damage is shared between your health and your magic reserves.
Your bite disrupts and absorbs the magic of your enemies.
Potions and wands cannot restore your health.
You are immune to rotting.
You have a somewhat thin skeletal structure. (Dex +2, Stealth)
You tend to lose your temper in combat.
Scrolls take you a little longer to read.
You are somewhat resistant to further mutation.


Message History

Ye punch tha wind drake!
Ye bite tha wind drake.
Ye drain its power.
Ye feel invigorated.
Tha wind drake be almost dead.
Tha wind drake be struck by yer spines.
Ye kill tha wind drake!
Wudzu accepts yer kill.
Tha large abomination be struck by yer spines.
Tha large abomination misses ye.
Ye furiously retaliate!
Ye headbutt tha large abomination, but do nay damage.
Unknown command.
Ye barely miss tha large abomination.
Tha large abomination be severely damaged.
Ye hit tha large abomination but do nay damage.
Ye bite tha large abomination.
Ye drain its power.
Ye feel invigorated.
Tha large abomination be severely damaged.
Tha large abomination hits ye but does nay damage.
Tha starcursed mass shrieks in yer mind.
A tentacled starspawn comes inta view.
A tentacle flies out from tha starspawn's body!
A starspawn tentacle comes inta view.
A killer bee comes inta view.
A chorus o' shrieks assaults yer mind.
Tha starcursed mass shrieks in yer mind.
A tentacle flies out from tha starspawn's body!
A starspawn tentacle comes inta view.
A killer bee comes inta view.
Tha hellion gives a hideous shriek!
A starcursed mass splits.
Tha hellion gestures at ye.
Tha sphere o' damnation 'splodes!
Tha damnation 'ngulfs ye!
Ye hear an angry buzzin' noise. x2; Ye hear a horrible gurglin' sound!
Ye hear a hideous shriek!
Ye hear a horrible gurglin' sound!
Ye hear an angry buzzin' noise.
A tentacle flies out from tha starspawn's body!
A starspawn tentacle comes inta view.
A small abomination comes inta view.
Tha small abomination be struck by yer spines.
Tha small abomination hits ye!
A tentacle flies out from tha starspawn's body!
A starspawn tentacle comes inta view.
Tha small abomination be struck by yer spines.
Tha small abomination barely misses ye.
Tha small abomination completely misses ye.
Ye furiously retaliate!
Ye headbutt tha small abomination!
Tha tentacled starspawn bites ye!!
Tha tentacled starspawn 'ngulfs ye!
Tentacles burst from tha starspawn's body!
Tha small abomination be struck by yer spines.
Tha small abomination barely misses ye.
Ye furiously retaliate!
Ye headbutt tha small abomination. 2 starspawn tentacles come inta view.
Tha hellion gestures at ye.
Tha sphere o' damnation 'splodes!
Tha damnation 'ngulfs ye!
* * * LOW HITPOINT WARNIN'
* * * Ye hear a hideous shriek!
Ye hear an angry buzzin' noise.
Ye hear a bark!
Ye hear a roar!
Ye hear an angry buzzin' noise. x2
Tha small abomination hits ye!
* * * LOW HITPOINT WARNIN'
* * * Ye closely miss tha small abomination.
Yer punch misses tha small abomination.
Ye bite tha small abomination.
Ye drain its power.
Ye feel invigorated.
Ye destroy tha small abomination!
Wudzu accepts yer kill.
Tha substance o' tha Abyss twists violently, an' a gateway leadin' out appears!
Tentacles burst from tha starspawn's body!
Ye pass through tha gate.
Welcome back ta tha Dungeon! x2
Tha kobold unwields an uncursed short sword.
Tha kobold wields a blowgun.
Tha kobold shoots a poison'd needle.
Tha poison'd needle completely misses ye.
Re'lly read wit' blurry vision while enemies be nearby?
Tha kobold shoots a poison'd needle.
Tha poison'd needle hits ye.
Ye be poison'd.
Ye begin readin' tha scroll.
Ye continue readin' tha scroll.
Ye feel sick.
Tha tentacled starspawn be struck by yer spines.
Tha tentacled starspawn barely misses ye.
Tha tentacled starspawn 'ngulfs ye but does nay damage.
Tha wizard casts a spell.
Tha wizard flickers an' vanishes!
Deactivatin' autopickup; reactivate wit' Ctrl-A.
Tha kobold shoots a poison'd needle.
Tha poison'd needle completely misses ye.
As ye read tha scroll o' fear, it crumbles ta dust.
Ye assume a fearsome visage.
Tha tentacled starspawn be unaffected.
Tha big kobold looks frighten'd!
Tha big kobold shouts!
Tha big kobold looks frighten'd!
Tha big kobold shouts!
Tha kobold looks frighten'd!
Tha kobold shouts!
Tha kobold looks frighten'd!
Re'lly read
N - 2 scrolls o' blinkin' {!r}?
Re'lly read wit' blurry vision while enemies be nearby?
Tha tentacled starspawn be struck by yer spines.
Tha tentacled starspawn bites ye but does nay damage.
Tha tentacled starspawn closely misses ye.
Ye hear some strange, mumbled words.
Somethin' tries ta affect ye, but ye resist.
Ye begin readin' tha scroll.
Ye continue readin' tha scroll.
Tha tentacled starspawn bites ye!!
Ye die...

......
...'.............+
.#####
#.#.##.e..#.....#
.# .
........K#.....# .#
#' #.#.K...#.....#
.#
...#.......#.....#
.#
..'.#+..(.#.....#
#..(...(#######
##'##.#.....[......
.K.....@...........
#.#.#.#X{^.........
.....#######....
.K.....# ....
V.......# ...
........# ..
#####...# ###.#


You could see a tentacled starspawn, a deep elf mage (wandering), a kobold
demonologist (wandering), a vampire (wandering), a big kobold (fleeing) and 2
kobolds.

Vanquished Creatures
  A tentacled starspawn (Abyss:3)
  A deep elf sorcerer (Abyss:3)
  A green draconian (Abyss:3)
  A stone giant (Orc:2)
  Nessos (Lair:4)
  Snorg (D:12)
  2 fire dragons (Lair:6)
  Erolcha (Volcano)
  A vault guard (D:13)
  Harold (D:10)
  A rakshasa (Abyss:3)
  10 hydras
  A centaur warrior (D:13)
  2 ogre magi (Orc:2)
  A thrashing horror (Abyss:3)
  A death yak (Lair:4)
  An orc high priest (Orc:2)
  Sonja (Lair:2)
  A spatial maelstrom (Abyss:3)
  2 deep trolls (Orc:2)
  2 starcursed masses (Abyss:3)
  A wizard (D:14)
  7 hill giants
  A swamp dragon (Lair:2)
  Pikel (D:4)
  3 orc knights (Bailey)
  The ghost of PlatinumSpider the Slasher, a novice VSFi of Ru (Bailey)
  An orb spider (Lair:3)
  6 lindwurms (Lair:6)
  2 deep elf magi
  7 ugly things
  A hornet (D:13)
  7 cyclopes
  2 orc sorcerers
  2 worldbinders (Abyss:3)
  An elephant (Lair:4)
  5 black mambas
  6 torpor snails (Lair:6)
  2 centaur skeletons
  2 molten gargoyles (Volcano)
  A gargoyle (D:13)
  13 spiny frogs
  5 kobold demonologists
  3 komodo dragons
  3 rime drakes
  An ancient zyme (Abyss:3)
  A queen bee (Lair:4)
  13 trolls
  3 meliai (Lair:4)
  A wind drake (shapeshifter) (Abyss:3)
  Prince Ribbit (D:8)
  5 dream sheep (Lair:4)
  3 raiju (Abyss:3)
  3 tyrant leeches (Lair:6)
  10 two-headed ogres
  16 blink frogs
  13 hippogriffs
  9 slime creatures (D:13)
  33 yaks
  2 shadows
  7 flying skulls (Abyss:3)
  A ynoxinul (Abyss:3)
  4 wyverns
  A large abomination (Abyss:3)
  A hungry ghost (D:13)
  A yak (shapeshifter) (D:13)
  Eustachio (D:4)
  4 golden eyes (Abyss:3)
  9 basilisks
  3 steam dragons (Lair:6)
  4 vampire mosquitoes (D:13)
  A chaos spawn (Abyss:3)
  A neqoxec (Abyss:3)
  2 wargs
  2 mottled dragons
  A soldier ant (D:11)
  Edmund (D:5)
  Menkaure (D:5)
  Duvessa (D:4)
  6 water moccasins
  3 porcupines
  3 ice beasts
  4 phantoms
  An eye of draining (D:9)
  4 sky beasts
  7 wasps (Lair:6)
  22 orc warriors
  2 black bears
  31 ogres
  7 wolves
  6 centaurs
  2 necrophages
  15 crocodiles
  A big kobold (D:12)
  17 bullfrogs
  Blork the orc (D:6)
  A gnoll sergeant (D:4)
  5 small abominations (Abyss:3)
  4 scorpions
  40 killer bees
  A howler monkey (D:12)
  7 wights
  A bullfrog zombie (D:5)
  A lava snake (Volcano)
  6 crimson imps
  2 centaur zombies
  7 jellies
  A bullfrog skeleton (D:12)
  5 hounds
  17 orc priests
  22 orc wizards
  9 iguanas
  18 worker ants
  4 hound skeletons
  A howler monkey zombie (D:5)
  2 worker ant zombies
  Robin (D:3)
  10 adders
  5 gnolls
  2 howler monkey skeletons
  58 river rats
  2 shadow imps
  An adder zombie (D:6)
  3 worms
  3 dart slugs
  4 leopard geckos
  89 orcs
  3 ball pythons
  7 bats
  4 giant cockroaches
  18 goblins
  5 hobgoblins
  11 jackals
  5 quokkas
  3 frilled lizards
  11 kobolds
  A quokka zombie (D:6)
  4 rats
  2 plants (Lair:6)
815 creatures vanquished.

Vanquished Creatures (others)
  Dowan (D:4)
  2 orc priests
  An adder (D:4)
  A dart slug (D:4)
  A lurking horror (Abyss:3)
  5 plants (Lair:6)
  16 starspawn tentacles
27 creatures vanquished.

Grand Total: 842 creatures vanquished

Notes
Turn   | Place    | Note
-------+----------+-------------------------------------------
     0 | D:1      | Gelly3 the Vine Stalker Monk began the quest for the Orb.
     0 | D:1      | Reached XP level 1. HP: 11/11 MP: 2/2
   157 | D:1      | Reached XP level 2. HP: 15/16 MP: 1/3
   388 | D:1      | Reached skill level 4 in Unarmed Combat
   894 | D:1      | Reached XP level 3. HP: 15/19 MP: 4/4
  2117 | D:3      | Found an opulent altar of Gozag.
  2211 | D:3      | Gained mutation: Your natural rate of healing is unusually fast. [Vine Stalker growth]
  2211 | D:3      | Reached XP level 4. HP: 13/23 MP: 5/5
  2321 | D:3      | Noticed Robin
  2356 | D:3      | Reached skill level 5 in Unarmed Combat
  2367 | D:3      | Killed Robin
  2763 | D:3      | Reached XP level 5. HP: 9/27 MP: 2/6
  2767 | D:3      | HP: 6/27 [poisoned by an orc priest]
  2772 | D:3      | HP: 5/27 [poisoned by an orc priest]
  2778 | D:3      | HP: 5/27 [poisoned by an orc priest]
  2784 | D:3      | HP: 5/27 [poisoned by an orc priest]
  2844 | D:4      | Reached skill level 6 in Unarmed Combat
  2975 | D:4      | Reached skill level 3 in Fighting
  3117 | D:4      | Learned a level 1 spell: Beastly Appendage
  3121 | D:4      | Learned a level 3 spell: Spider Form
  3139 | D:4      | Noticed a slave
  3139 | D:4      | Noticed a slave
  3160 | D:4      | Noticed Pikel
  3193 | D:4      | Killed Pikel
  3193 | D:4      | Reached skill level 6 in Fighting
  3193 | D:4      | Reached XP level 6. HP: 33/36 MP: 7/7
  3193 | D:4      | Reached XP level 7. HP: 37/40 MP: 8/8
  3304 | D:4      | Reached skill level 1 in Spellcasting
  3357 | D:4      | Noticed Eustachio
  3376 | D:4      | Killed Eustachio
  3376 | D:4      | Reached skill level 2 in Spellcasting
  3376 | D:4      | Reached skill level 2 in Transmutations
  3559 | D:4      | Gained mutation: You have razor-sharp teeth. [Vine Stalker growth]
  3559 | D:4      | Reached XP level 8. HP: 38/44 MP: 10/12
  3656 | D:4      | Noticed Duvessa
  3656 | D:4      | Noticed Dowan
  3739 | D:4      | Killed Duvessa
  3748 | D:4      | Reached skill level 3 in Spellcasting
  3748 | D:4      | Reached skill level 3 in Transmutations
  4481 | D:4      | Killed Dowan
  4880 | D:5      | Entered Level 5 of the Dungeon
  4888 | D:5      | Reached skill level 4 in Transmutations
  4895 | D:5      | Gained mutation: Your mind is acute. (Int +2) [mutagenic meat]
  4898 | D:5      | Gained mutation: You occasionally shout uncontrollably at your foes. [mutagenic meat]
  4910 | D:5      | Reached skill level 4 in Spellcasting
  5229 | D:5      | Noticed Menkaure
  5267 | D:5      | Reached skill level 5 in Transmutations
  5285 | D:5      | Killed Menkaure
  5285 | D:5      | Reached skill level 5 in Spellcasting
  5285 | D:5      | Reached XP level 9. HP: 31/48 MP: 9/17
  5328 | D:5      | Noticed Edmund
  5351 | D:5      | Killed Edmund
  5439 | D:5      | Gained mutation: You are robust. (+10% HP) [mutagenic meat]
  5442 | D:5      | Gained mutation: Your spells are a little harder to cast, but a little more powerful. [mutagenic meat]
  5445 | D:5      | Lost mutation: You are robust. (+10% HP) [mutagenic meat]
  5518 | D:5      | Reached skill level 6 in Transmutations
  5535 | D:5      | Reached skill level 6 in Spellcasting
  5755 | D:5      | Found a sparkling altar of Nemelex Xobeh.
  6343 | D:6      | Reached skill level 3 in Dodging
  6461 | D:6      | Noticed Blork the orc
  6508 | D:6      | Reached skill level 4 in Dodging
  6554 | D:6      | Killed Blork the orc
  6910 | D:6      | Reached skill level 5 in Dodging
  7448 | D:6      | Reached skill level 7 in Unarmed Combat
  7526 | D:7      | Found a staircase to the Ecumenical Temple.
  7605 | Temple   | Entered the Ecumenical Temple
  7699 | Temple   | Became a worshipper of Wudzu the Untamed
  7699 | Temple   | Reached * piety under Wudzu
  7699 | Temple   | Reached ** piety under Wudzu
  7820 | D:7      | Found Haeres's Antique Weapon Boutique.
  7847 | D:7      | Reached XP level 10. HP: 53/53 MP: 20/20
  7869 | D:7      | Learned a level 1 spell: Confusing Touch
  7973 | D:7      | Reached skill level 8 in Unarmed Combat
  7977 | D:7      | Reached skill level 1 in Hexes
  8017 | D:7      | Found Soshayfa's Assorted Antiques.
  8076 | D:7      | Reached skill level 2 in Hexes
  8470 | D:8      | Reached skill level 3 in Hexes
  8692 | D:8      | Noticed Prince Ribbit
  8700 | D:8      | Killed Prince Ribbit
  8700 | D:8      | Reached skill level 4 in Hexes
  8709 | D:8      | Found a flagged portal.
  8742 | Bailey   | Entered a bailey
  8766 | Bailey   | Learned a level 3 spell: Confuse
  9227 | Bailey   | Noticed PlatinumSpider's ghost (novice VSFi)
  9476 | Bailey   | Killed PlatinumSpider's ghost
  9476 | Bailey   | Reached *** piety under Wudzu
  9476 | Bailey   | Reached skill level 5 in Hexes
  9601 | Bailey   | Noticed an orc knight
  9602 | Bailey   | Noticed an orc knight
  9611 | Bailey   | Noticed an orc knight
  9641 | Bailey   | Killed an orc knight
  9641 | Bailey   | Reached skill level 6 in Hexes
  9738 | Bailey   | Killed an orc knight
  9738 | Bailey   | Reached skill level 7 in Hexes
  9739 | Bailey   | Killed an orc knight
  9739 | Bailey   | Reached skill level 8 in Hexes
  9739 | Bailey   | Reached XP level 11. HP: 56/56 MP: 5/21
 10317 | D:8      | Reached skill level 9 in Unarmed Combat
 10353 | D:9      | Noticed a deep elf mage
 10367 | D:9      | Killed a deep elf mage
 10448 | D:9      | Learned a level 3 spell: Dazzling Spray
 10852 | D:9      | Reached skill level 10 in Unarmed Combat
 11275 | D:10     | Entered Level 10 of the Dungeon
 11577 | D:10     | Found a staircase to the Lair.
 11865 | D:10     | Found a staircase to the Orcish Mines.
 11912 | D:10     | Reached **** piety under Wudzu
 12025 | Lair:1   | Entered Level 1 of the Lair of Beasts
 12184 | Lair:1   | Reached skill level 11 in Unarmed Combat
 12303 | Lair:1   | HP: 14/56 [poisoned by a spiny frog]
 12304 | Lair:1   | Gained mutation: Scrolls take you a little longer to read. [potion of mutation]
 12304 | Lair:1   | Lost mutation: Your spells are a little harder to cast, but a little more powerful. [potion of mutation]
 12304 | Lair:1   | Gained mutation: Scrolls take you longer to read. [potion of mutation]
 12696 | Lair:1   | Identified the Reference Book on Feathers
 12728 | Lair:2   | Noticed a four-headed hydra
 13057 | Lair:2   | Killed a four-headed hydra
 13057 | Lair:2   | Reached skill level 12 in Unarmed Combat
 13263 | Lair:1   | Gained mutation: You have a somewhat thin skeletal structure. (Dex +2, Stealth) [potion of mutation]
 13263 | Lair:1   | Gained mutation: You are somewhat resistant to further mutation. [potion of mutation]
 13315 | Lair:2   | Noticed an eight-headed hydra
 13331 | Lair:2   | Noticed Sonja
 13459 | Lair:2   | Killed Sonja
 13459 | Lair:2   | Gained mutation: You heal very quickly. [Vine Stalker growth]
 13459 | Lair:2   | Reached XP level 12. HP: 60/62 MP: 22/22
 13605 | Lair:2   | Reached skill level 7 in Fighting
 13923 | Lair:2   | Noticed a six-headed hydra
 13942 | Lair:2   | Killed a six-headed hydra
 13942 | Lair:2   | Reached skill level 8 in Fighting
 14264 | Lair:2   | Killed an eight-headed hydra
 14383 | Lair:3   | Reached ***** piety under Wudzu
 14533 | Lair:2   | Reached skill level 9 in Fighting
 14615 | Lair:3   | Found a staircase to the Swamp.
 14710 | Lair:3   | Reached skill level 10 in Fighting
 14898 | Lair:3   | Noticed a six-headed hydra
 14901 | Lair:3   | Noticed a seven-headed hydra
 15029 | Lair:2   | Killed a six-headed hydra
 15142 | Lair:3   | Killed a seven-headed hydra
 15142 | Lair:3   | Reached skill level 11 in Fighting
 15215 | Lair:3   | Found a hole to the Spider Nest.
 15655 | Lair:4   | Reached XP level 13. HP: 74/74 MP: 23/23
 15792 | Lair:4   | Noticed Nessos
 15802 | Lair:4   | Learned a level 5 spell: Yara's Violent Unravelling
 15849 | Lair:4   | Reached skill level 9 in Hexes
 15903 | Lair:4   | Killed Nessos
 16027 | Lair:4   | Reached skill level 10 in Hexes
 16287 | Lair:4   | Reached ****** piety under Wudzu
 16322 | Lair:4   | Reached skill level 11 in Hexes
 16812 | Lair:5   | Reached skill level 12 in Hexes
 16961 | Lair:5   | Reached skill level 7 in Transmutations
 17438 | Lair:5   | Found a dark tunnel.
 17446 | Volcano  | Entered a volcano
 17807 | Volcano  | Found a radiant altar of Vehumet.
 17807 | Volcano  | Noticed Erolcha
 17813 | Volcano  | Killed Erolcha
 17813 | Volcano  | Reached skill level 8 in Transmutations
 17817 | Volcano  | Reached XP level 14. HP: 79/79 MP: 24/24
 17898 | Volcano  | Reached skill level 9 in Transmutations
 18055 | Lair:6   | Entered Level 6 of the Lair of Beasts
 18137 | Lair:6   | Found a viscous altar of Jiyva.
 18138 | Lair:6   | Found a staircase to the Slime Pits.
 18438 | Lair:6   | Found a runed door.
 18444 | Lair:6   | Reached skill level 10 in Transmutations
 18634 | Lair:6   | Reached skill level 6 in Dodging
 19016 | Lair:6   | Reached skill level 7 in Dodging
 19311 | Lair:6   | Learned a level 3 spell: Regeneration
 19426 | Orc:1    | Entered Level 1 of the Orcish Mines
 19434 | Orc:1    | Noticed Harold
 19445 | Orc:1    | Reached skill level 7 in Spellcasting
 19537 | D:10     | Killed Harold
 19537 | D:10     | Reached skill level 1 in Necromancy
 19571 | Orc:1    | Reached skill level 2 in Necromancy
 19668 | Orc:2    | Entered Level 2 of the Orcish Mines
 19775 | Orc:2    | Reached skill level 3 in Necromancy
 19786 | Orc:2    | Reached skill level 1 in Charms
 19797 | Orc:2    | Reached skill level 2 in Charms
 19806 | Orc:2    | Reached skill level 3 in Charms
 19847 | Orc:2    | Reached skill level 4 in Necromancy
 19869 | Orc:2    | Reached skill level 4 in Charms
 19888 | Orc:2    | Found Zobbuxoa's Food Boutique.
 19906 | Orc:2    | Reached XP level 15. HP: 66/83 MP: 25/26
 19967 | Orc:2    | Found Piutehob's Armour Emporium.
 19972 | Orc:2    | Found Bolamani's Weapon Shop.
 19973 | Orc:2    | Found Baihoass's General Store.
 19974 | Orc:2    | Found Arphu's Weapon Shop.
 20007 | Orc:2    | Reached skill level 5 in Necromancy
 20105 | Orc:2    | Reached skill level 5 in Charms
 20317 | Orc:2    | Found a roughly hewn altar of Beogh.
 20473 | Orc:2    | Bought the cursed +0 cloak of the Elven Halls {+Fly rCorr Stlth+} for 228 gold pieces
 20480 | Orc:2    | Found a staircase to the Elven Halls.
 20828 | Orc:1    | Reached skill level 6 in Necromancy
 21028 | D:11     | Reached skill level 6 in Charms
 21447 | D:11     | Found Vial's Magic Scroll Shop.
 21469 | D:11     | Bought a scroll of identify for 34 gold pieces
 21469 | D:11     | Bought a scroll of teleportation for 51 gold pieces
 21469 | D:11     | Bought a scroll of identify for 34 gold pieces
 21469 | D:11     | Bought 3 scrolls of teleportation for 153 gold pieces
 21488 | D:11     | Gained mutation: You have sharp fingernails. [mutagenic meat]
 21491 | D:11     | Lost mutation: Scrolls take you longer to read. [mutagenic meat]
 22577 | D:12     | Noticed Snorg
 22631 | D:12     | Killed Snorg
 22631 | D:12     | Reached skill level 11 in Transmutations
 22947 | D:13     | Found a corrupted altar of Lugonu.
 23155 | D:13     | Reached skill level 8 in Dodging
 23193 | D:13     | Found a gate to the Vaults.
 23262 | D:13     | Found a sacrificial altar of Ru.
 23517 | D:13     | Reached skill level 9 in Dodging
 23560 | D:13     | Found a shattered altar of Ashenzari.
 23718 | D:14     | HP: 13/83 [white ugly thing (30)]
 23784 | D:14     | Gained mutation: Your body sometimes deteriorates upon taking damage. [mutagenic meat]
 23790 | D:14     | Lost mutation: You occasionally shout uncontrollably at your foes. [potion of cure mutation]
 23790 | D:14     | Lost mutation: Your body sometimes deteriorates upon taking damage. [potion of cure mutation]
 23790 | D:14     | Lost mutation: You have sharp fingernails. [potion of cure mutation]
 23790 | D:14     | Lost mutation: Your mind is acute. (Int +2) [potion of cure mutation]
 23830 | D:14     | Cast into level 3 of the Abyss (a wizard)
 23830 | Abyss:3  | Found a corrupted altar of Lugonu.
 23878 | Abyss:3  | Noticed a tentacled starspawn
 23888 | Abyss:3  | HP: 10/83 [tentacled starspawn (25)]
 23889 | Abyss:3  | Killed a tentacled starspawn
 23895 | Abyss:3  | Noticed a deep elf sorcerer
 23903 | Abyss:3  | Killed a deep elf sorcerer
 24061 | Abyss:3  | Reached skill level 10 in Dodging
 24098 | Abyss:3  | Reached skill level 3 in Stealth
 24098 | Abyss:3  | Reached XP level 16. HP: 22/87 MP: 27/27
 24098 | Abyss:3  | HP: 21/87 [poisoned by something (poison gas)]
 24103 | Abyss:3  | HP: 20/87 [poisoned by something (poison gas)]
 24108 | Abyss:3  | HP: 20/87 [poisoned by something (poison gas)]
 24188 | Abyss:3  | Reached skill level 4 in Stealth
 24263 | Abyss:3  | Reached skill level 5 in Stealth
 24362 | Abyss:3  | Reached skill level 6 in Stealth
 24364 | Abyss:3  | Gained mutation: You tend to lose your temper in combat. [a neqoxec]
 24401 | Abyss:3  | Reached skill level 7 in Stealth
 24500 | Abyss:3  | Noticed a tentacled starspawn
 24523 | Abyss:3  | Noticed a tentacled starspawn
 24541 | Abyss:3  | HP: 10/87 [hellion/damnation (19)]
 24542 | Abyss:3  | HP: 3/87 [small abomination (8)]
 24545 | D:14     | Escaped the Abyss
 24547 | D:14     | HP: 7/87 [poisoned by a kobold]
 24549 | D:14     | Mangled by a tentacled starspawn

Vault maps used:
D:1:      dpeg_arrival_rooms_c, minmay_misc_feat_plants
D:3:      lemuel_coloured_pillars_altar, uniq_robin
D:4:      kennysheep_generic_room_5, uniq_pikel, uniq_duvessa, uniq_eustachio
D:5:      first_bread, nemelex_lonely_heart_becter, uniq_menkaure, uniq_edmund
D:6:      uniq_blork_the_orc
D:7:      serial_shops, shop_fountains, shop
D:8:      enter_bailey_3, uniq_prince_ribbit1
D:10:     lair_0_dummy, orc_0_dummy
D:11:     serial_shops, nicolae_shop_trees, grunt_ogre_cave
D:12:     nooodl_glass_maze, uniq_snorg
D:13:     kennysheep_kobold_lugonu_temple, david_vaults_5, basic_altar,
          ashenzari_altar_1
D:14:     minmay_smoke_and_mirrors, roderic_cross_of_infinity,
          hangedman_decor_peaks_small, kennysheep_nub, minmay_misc_feat_doors,
          uniq_frances
Temple:   grunt_wide_crystal_templ
Lair:2:   uniq_sonja
Lair:3:   minmay_swamp_entry_reptiles, nicolae_spider_entry_orb_guardian
Lair:4:   regret_index_combs_of_tragedy, uniq_nessos
Lair:5:   lightli_volcano_entry_magma_tube
Lair:6:   wormcave, guppyfry_lair_end_dragon, slime_altar_1, st_stairs_9,
          minmay_lindwurm_lava, infiniplex_staircase_pool_2
Orc:1:    uniq_harold
Orc:2:    st_orc_open, serial_shops, shop, basic_altar
Bailey:   bailey_polearm_1, bailey
Volcano:  volcano_lake

Skill      XL: |  1  2  3  4  5  6  7  8  9 10 11 12 13 14 15 16 |
---------------+-------------------------------------------------+-----
Unarmed Combat | 4 5 6 7 8 12 | 12.2
Fighting       | 6 11 | 11.2
Spellcasting   | 2 5 6 7 |  7.1
Transmutations | 2 5 6 8 10 11 | 11.0
Dodging        | 5 7 10 | 10.0
Hexes          | 8 12 | 12.1
Necromancy     | 4 6 |  6.0
Charms         | 4 6 |  6.0
Stealth        | 3 7 |  7.4

Action                   |  1- 3 |  4- 6 |  7- 9 | 10-12 | 13-15 | 16-18 || total
-------------------------+-------+-------+-------+-------+-------+-------++-------
Melee: Unarmed           |   125 |    83 |   368 |   535 |  1225 |   123 ||  2459
       Bite              |    27 |    34 |   103 |   143 |   358 |    55 ||   720
       Punch             |     3 |     2 |    12 |    32 |    71 |     9 ||   129
       Dagger            |       |    12 |    19 |       |       |       ||    31
       Kick              |       |       |    11 |       |       |       ||    11
Throw: Stone             |    71 |    36 |   152 |    39 |       |       ||   298
 Cast: Beastly Appendage |       |       |     3 |       |       |       ||     3
       Spider Form       |       |       |    19 |    31 |    44 |     3 ||    97
       Confuse           |       |       |       |    31 |     1 |       ||    32
       Confusing Touch   |       |       |       |    49 |    13 |       ||    62
       Dazzling Spray    |       |       |       |    11 |     5 |       ||    16
       Regeneration      |       |       |       |       |    15 |     3 ||    18
       Yara's Violent Un |       |       |       |       |     1 |       ||     1
Invok: Vestment of Thorn |       |       |     1 |       |       |       ||     1
       Regalia of Thorns |       |       |       |     1 |       |       ||     1
 Abil: End Transformatio |       |       |       |       |     2 |       ||     2
Evoke: Wand              |       |       |       |       |     3 |       ||     3
       Box of beasts     |       |       |       |       |     2 |       ||     2
       Phial of floods   |       |       |       |       |     1 |       ||     1
  Use: Scroll            |       |       |       |    17 |     8 |     1 ||    26
       Potion            |       |       |       |     7 |     2 |       ||     9
 Stab: Sleeping          |     2 |     1 |     3 |    10 |    29 |       ||    45
       Distracted        |       |     1 |       |       |     4 |     4 ||     9
       Confused          |       |       |       |    29 |    11 |       ||    40
  Eat: Chunk             |     4 |     3 |    21 |    41 |    41 |     3 ||   113
       Fruit             |       |       |     1 |       |       |       ||     1
Armor: Robe              |    17 |    14 |    58 |       |       |       ||    89
       Skin              |       |       |     4 |   154 |   272 |    38 ||   468
Dodge: Dodged            |    92 |    47 |   248 |   564 |  1032 |   105 ||  2088

Vault maps used:
D:1:      dpeg_arrival_rooms_c, minmay_misc_feat_plants
D:3:      lemuel_coloured_pillars_altar, uniq_robin
D:4:      kennysheep_generic_room_5, uniq_pikel, uniq_duvessa, uniq_eustachio
D:5:      first_bread, nemelex_lonely_heart_becter, uniq_menkaure, uniq_edmund
D:6:      uniq_blork_the_orc
D:7:      serial_shops, shop_fountains, shop
D:8:      enter_bailey_3, uniq_prince_ribbit1
D:10:     lair_0_dummy, orc_0_dummy
D:11:     serial_shops, nicolae_shop_trees, grunt_ogre_cave
D:12:     nooodl_glass_maze, uniq_snorg
D:13:     kennysheep_kobold_lugonu_temple, david_vaults_5, basic_altar,
          ashenzari_altar_1
D:14:     minmay_smoke_and_mirrors, roderic_cross_of_infinity,
          hangedman_decor_peaks_small, kennysheep_nub, minmay_misc_feat_doors,
          uniq_frances
Temple:   grunt_wide_crystal_templ
Lair:2:   uniq_sonja
Lair:3:   minmay_swamp_entry_reptiles, nicolae_spider_entry_orb_guardian
Lair:4:   regret_index_combs_of_tragedy, uniq_nessos
Lair:5:   lightli_volcano_entry_magma_tube
Lair:6:   wormcave, guppyfry_lair_end_dragon, slime_altar_1, st_stairs_9,
          minmay_lindwurm_lava, infiniplex_staircase_pool_2
Orc:1:    uniq_harold
Orc:2:    st_orc_open, serial_shops, shop, basic_altar
Bailey:   bailey_polearm_1, bailey
Volcano:  volcano_lake

Table legend:
 A = Turns spent in this place as a percentage of turns spent in the entire game.
 B = Non-inter-level travel turns spent in this place as a percentage of non-inter-level travel turns spent in the entire game.
 C = Inter-level travel turns spent in this place as a percentage of turns spent in this place.
 D = Turns resting spent in this place as a percentage of non-inter-level travel turns spent in this place.
 E = Turns spent auto-exploring this place as a percentage of non-inter-level travel turns spent in this place.
 F = Non-inter-level travel turns spent in this place divided by the number of levels of this place that you've seen.
                   A       B       C       D       E      F
               +-------+-------+-------+-------+-------+----------------------
         Total | 100.0 | 100.0 |   0.5 |   4.0 |   7.4 | 346.9
       Dungeon |  48.6 |  48.6 |   0.4 |   3.9 |   8.6 | 313.4
        Temple |   0.6 |   0.5 |   4.0 |   0.0 |  37.5 |  48.0
          Lair |  30.8 |  30.8 |   0.6 |   4.9 |   6.2 | 462.3
  Orcish Mines |   7.4 |   7.4 |   0.9 |   1.5 |  10.8 | 334.5
         Abyss |   6.3 |   6.4 |   0.0 |   2.4 |   1.6 | 574.0
        Bailey |   3.8 |   3.8 |   0.0 |   8.8 |   2.9 | 340.0
       Volcano |   2.5 |   2.5 |   0.0 |   0.0 |   3.1 | 228.0
               +-------+-------+-------+-------+-------+----------------------

Table legend:
 A = Kills in this place as a percentage of kills in entire the game.
 B = Kills by you in this place as a percentage of kills by you in the entire game.
 C = Kills by friends in this place as a percentage of kills by friends in the entire game.
 D = Other kills in this place as a percentage of other kills in the entire game.
 E = Experience gained in this place as a percentage of experience gained in the entire game.
 F = Experience gained in this place divided by the number of levels of this place that you have seen.
                   A       B       C       D       E      F
               +-------+-------+-------+-------+-------+----------------------
         Total | 100.0 | 100.0 |  -nan | 100.0 | 100.0 | 5299.2
       Dungeon |  43.0 |  43.9 |  -nan |   0.0 |  30.1 | 2958.6
          Lair |  32.8 |  33.4 |  -nan |   5.9 |  40.3 | 9248.5
  Orcish Mines |  16.6 |  16.8 |  -nan |   5.9 |  13.9 | 9598.0
         Abyss |   4.3 |   4.4 |  -nan |   0.0 |  10.8 | 14942.0
        Bailey |   2.2 |   0.4 |  -nan |  88.2 |   2.0 | 2770.0
       Volcano |   1.1 |   1.1 |  -nan |   0.0 |   2.9 | 3960.0
               +-------+-------+-------+-------+-------+----------------------
